[ AOE2 MATCH · #505231789 ]
UnrankedCelts vs Mapuche
Player's team · LOSS
Rival team · WIN
[ REPLAY ANALYSIS · EXTRACTED FROM THE RECORDED GAME ]
Feudal
10:49
Castle
24:44
Imperial
—
| APM avg | 85.2 |
| APM peak | 128 |
| eAPM avg | 35.8 |
| Villagers / military | 229 / 200 |
Focus
⚔️ 30.2% · 🌾 69.8%
Woad Raider ×160 · Skirmisher ×16 · Militia ×10 · Battering Ram ×5 · Scorpion ×4 · Monk ×2
Feudal
8:59
Castle
24:32
Imperial
42:44
| APM avg | 61.4 |
| APM peak | 94 |
| eAPM avg | 30.4 |
| Villagers / military | 152 / 140 |
Focus
⚔️ 46.5% · 🌾 53.5%
Bolas Rider ×63 · Petard ×25 · Skirmisher ×19 · Kona ×18 · Trebuchet (Packed) ×6 · Monk ×5
Match map
Initial resources + every placement click. Lines = walls · curves = elevation contours. ◆ gold · ⬟ stone · ● berries · ✦ relic · ◌ wall gap
Your base· ✓ Closed at 24:44 · 77t walls · 2 gate(s)
RoR | kei's base· Open — unwalled flank
Smoothed initial terrain · ◌ = detected wall gap · hover for details
Inputs per minute
— jsemosoom - - RoR | kei
Build order — jsemosoom
First 150 of 676 actions detected
| 0:00 | Create | Villager (Male) |
| 0:01 | Create | Villager (Male) |
| 0:01 | Create | Villager (Male) |
| 0:02 | Build | House |
| 0:03 | Build | House |
| 0:18 | Create | Villager (Male) |
| 0:19 | Create | Villager (Male) |
| 1:28 | Create | Villager (Male) |
| 1:28 | Create | Villager (Male) |
| 1:53 | Build | Lumber Camp |
| 2:01 | Create | Villager (Male) |
| 2:01 | Create | Villager (Male) |
| 2:24 | Create | Villager (Male) |
| 2:24 | Create | Villager (Male) |
| 2:45 | Create | Villager (Male) |
| 2:45 | Create | Villager (Male) |
| 3:05 | Create | Villager (Male) |
| 3:06 | Create | Villager (Male) |
| 3:31 | Build | House |
| 3:33 | Create | Villager (Male) |
| 3:50 | Build | House |
| 4:11 | Create | Villager (Male) |
| 4:11 | Create | Villager (Male) |
| 4:12 | Create | Villager (Male) |
| 4:49 | Create | Villager (Male) |
| 4:53 | Build | Barracks |
| 5:10 | Create | Villager (Male) |
| 5:50 | Create | Villager (Male) |
| 5:50 | Create | Militia |
| 5:50 | Create | Militia |
| 5:50 | Create | Militia |
| 6:08 | Build | Mill |
| 6:11 | Create | Villager (Male) |
| 6:27 | Create | Militia |
| 6:35 | Create | Villager (Male) |
| 6:54 | Build | Mining Camp |
| 7:04 | Create | Villager (Male) |
| 7:05 | Build | House |
| 7:28 | Create | Villager (Male) |
| 8:00 | Research | Loom |
| 8:18 | Create | Villager (Male) |
| 8:39 | Research | Feudal Age |
| 8:39 | Research | Feudal Age |
| 8:46 | Create | Militia |
| 9:08 | Build | House |
| 9:21 | Create | Militia |
| 9:26 | Build | Farm |
| 9:28 | Build | Farm |
| 9:34 | Build | Farm |
| 9:36 | Build | Farm |
| 9:59 | Create | Villager (Male) |
| 10:23 | Create | Villager (Male) |
| 10:49 | Age | Feudal Age |
| 10:52 | Build | Watch Tower |
| 10:56 | Research | Man-at-Arms (upgrade) |
| 10:56 | Research | Man-at-Arms (upgrade) |
| 10:58 | Create | Villager (Male) |
| 11:00 | Build | Mining Camp |
| 11:21 | Build | Archery Range |
| 11:22 | Create | Villager (Male) |
| 11:31 | Build | House |
| 11:32 | Build | Palisade Wall |
| 12:01 | Create | Villager (Male) |
| 12:14 | Build | Palisade Gate |
| 12:15 | Build | Palisade Wall |
| 12:17 | Build | Palisade Wall |
| 12:26 | Build | Palisade Wall |
| 12:40 | Create | Villager (Male) |
| 12:44 | Build | Palisade Wall |
| 12:48 | Build | Palisade Wall |
| 12:52 | Create | Skirmisher |
| 13:04 | Create | Villager (Male) |
| 13:12 | Create | Villager (Male) |
| 13:18 | Build | Watch Tower |
| 13:32 | Create | Skirmisher |
| 13:43 | Create | Skirmisher |
| 13:52 | Create | Villager (Male) |
| 13:58 | Build | House |
| 14:10 | Create | Villager (Male) |
| 14:14 | Create | Skirmisher |
| 14:19 | Build | House |
| 14:46 | Build | House |
| 14:50 | Create | Villager (Male) |
| 14:51 | Create | Skirmisher |
| 15:04 | Create | Villager (Male) |
| 15:12 | Build | Blacksmith |
| 15:14 | Create | Skirmisher |
| 15:33 | Research | Double-Bit Axe |
| 15:33 | Research | Double-Bit Axe |
| 15:42 | Build | House |
| 15:44 | Create | Villager (Male) |
| 16:06 | Build | Watch Tower |
| 16:09 | Build | Farm |
| 16:10 | Build | Farm |
| 16:11 | Research | Fletching |
| 16:12 | Research | Fletching |
| 16:25 | Build | Farm |
| 16:27 | Create | Villager (Male) |
| 16:27 | Create | Villager (Male) |
| 16:39 | Create | Skirmisher |
| 16:47 | Create | Villager (Male) |
| 16:54 | Create | Villager (Male) |
| 17:19 | Create | Villager (Male) |
| 17:33 | Research | Padded Archer Armor |
| 17:37 | Create | Villager (Male) |
| 18:09 | Create | Villager (Male) |
| 18:10 | Build | Farm |
| 18:11 | Build | Farm |
| 18:11 | Build | Farm |
| 18:13 | Create | Villager (Male) |
| 18:14 | Build | Farm |
| 18:14 | Build | Farm |
| 18:20 | Build | Mining Camp |
| 18:28 | Build | Watch Tower |
| 18:31 | Create | Skirmisher |
| 18:43 | Create | Villager (Male) |
| 18:56 | Create | Skirmisher |
| 19:05 | Create | Villager (Male) |
| 19:12 | Build | Farm |
| 19:12 | Build | Farm |
| 19:13 | Build | Farm |
| 19:22 | Create | Skirmisher |
| 19:35 | Create | Skirmisher |
| 19:39 | Create | Villager (Male) |
| 19:48 | Build | Farm |
| 19:51 | Build | Farm |
| 19:54 | Build | Farm |
| 20:07 | Build | Palisade Wall |
| 20:10 | Create | Skirmisher |
| 20:10 | Create | Villager (Male) |
| 20:12 | Build | Farm |
| 20:15 | Build | Farm |
| 20:19 | Build | Palisade Wall |
| 20:20 | Build | House |
| 20:33 | Create | Villager (Male) |
| 20:49 | Create | Villager (Male) |
| 20:51 | Build | Market |
| 21:05 | Build | Watch Tower |
| 21:07 | Create | Skirmisher |
| 21:13 | Research | Horse Collar |
| 21:13 | Research | Horse Collar |
| 21:31 | Create | Villager (Male) |
| 21:34 | Build | Lumber Camp |
| 22:04 | Research | Castle Age |
| 22:05 | Research | Castle Age |
| 22:23 | Build | House |
| 22:25 | Build | Stone Wall |
| 22:31 | Research | Stone Mining |
| 22:31 | Research | Stone Mining |
| 22:36 | Create | Skirmisher |
Build order — RoR | kei
First 150 of 452 actions detected
| 0:01 | Create | Villager (Male) |
| 0:02 | Build | House |
| 0:03 | Build | House |
| 0:06 | Create | Villager (Male) |
| 0:07 | Create | Villager (Male) |
| 0:13 | Create | Villager (Male) |
| 1:26 | Create | Villager (Male) |
| 1:26 | Create | Villager (Male) |
| 2:01 | Create | Villager (Male) |
| 2:02 | Create | Villager (Male) |
| 2:15 | Create | Villager (Male) |
| 2:15 | Create | Villager (Male) |
| 2:22 | Build | Settlement |
| 2:48 | Create | Villager (Male) |
| 2:48 | Create | Villager (Male) |
| 3:13 | Create | Villager (Male) |
| 3:13 | Create | Villager (Male) |
| 3:13 | Create | Villager (Male) |
| 3:48 | Create | Villager (Male) |
| 3:48 | Create | Villager (Male) |
| 3:48 | Create | Villager (Male) |
| 3:48 | Create | Villager (Male) |
| 4:21 | Create | Villager (Male) |
| 4:22 | Create | Villager (Male) |
| 4:51 | Create | Villager (Male) |
| 4:51 | Create | Villager (Male) |
| 5:48 | Research | Loom |
| 6:19 | Create | Villager (Male) |
| 6:49 | Research | Feudal Age |
| 7:33 | Build | Barracks |
| 7:38 | Build | House |
| 7:39 | Build | Palisade Wall |
| 7:59 | Create | Villager (Male) |
| 8:02 | Build | Palisade Wall |
| 8:04 | Build | Palisade Wall |
| 8:08 | Create | Villager (Male) |
| 8:27 | Build | Barracks |
| 8:32 | Build | Palisade Wall |
| 8:59 | Age | Feudal Age |
| 9:03 | Research | Double-Bit Axe |
| 9:08 | Build | Archery Range |
| 9:12 | Build | Palisade Wall |
| 9:13 | Build | Palisade Wall |
| 9:13 | Build | Palisade Wall |
| 9:42 | Build | House |
| 9:45 | Create | Villager (Male) |
| 9:51 | Create | Archer |
| 10:04 | Create | Villager (Male) |
| 10:09 | Create | Archer |
| 10:16 | Build | Farm |
| 10:24 | Build | Farm |
| 10:26 | Build | Farm |
| 10:29 | Create | Villager (Male) |
| 10:49 | Create | Archer |
| 10:54 | Build | Blacksmith |
| 10:56 | Build | Palisade Wall |
| 11:01 | Create | Villager (Male) |
| 11:07 | Build | Palisade Wall |
| 11:09 | Build | Palisade Wall |
| 11:16 | Create | Villager (Male) |
| 11:22 | Create | Archer |
| 11:25 | Build | Farm |
| 11:27 | Build | Farm |
| 11:34 | Create | Villager (Male) |
| 11:37 | Build | Farm |
| 11:41 | Build | House |
| 12:03 | Build | Farm |
| 12:03 | Create | Villager (Male) |
| 12:09 | Create | Skirmisher |
| 12:24 | Build | House |
| 12:34 | Build | Settlement |
| 12:34 | Create | Villager (Male) |
| 12:55 | Create | Villager (Male) |
| 13:09 | Create | Skirmisher |
| 13:11 | Build | Farm |
| 13:14 | Build | Farm |
| 13:23 | Create | Skirmisher |
| 13:29 | Create | Villager (Male) |
| 13:37 | Build | Farm |
| 13:48 | Create | Villager (Male) |
| 14:00 | Research | Fletching |
| 14:07 | Build | Settlement |
| 14:13 | Create | Skirmisher |
| 14:14 | Create | Villager (Male) |
| 14:24 | Build | House |
| 14:28 | Create | Skirmisher |
| 14:42 | Create | Villager (Male) |
| 14:49 | Build | House |
| 15:05 | Create | Skirmisher |
| 15:05 | Create | Villager (Male) |
| 15:08 | Build | Farm |
| 15:23 | Create | Villager (Male) |
| 15:37 | Create | Villager (Male) |
| 15:40 | Build | Settlement |
| 15:42 | Create | Villager (Male) |
| 15:50 | Create | Skirmisher |
| 15:51 | Create | Villager (Male) |
| 15:53 | Build | House |
| 16:00 | Create | Skirmisher |
| 16:06 | Build | Farm |
| 16:08 | Build | Farm |
| 16:33 | Build | Farm |
| 16:41 | Create | Villager (Male) |
| 16:44 | Build | Watch Tower |
| 16:46 | Create | Villager (Male) |
| 16:48 | Create | Skirmisher |
| 16:59 | Build | House |
| 17:08 | Create | Villager (Male) |
| 17:14 | Create | Villager (Male) |
| 17:24 | Create | Villager (Male) |
| 17:35 | Create | Skirmisher |
| 17:40 | Create | Villager (Male) |
| 17:48 | Build | Farm |
| 17:51 | Build | Farm |
| 18:01 | Create | Villager (Male) |
| 18:03 | Create | Villager (Male) |
| 18:15 | Build | Farm |
| 18:17 | Build | Farm |
| 18:25 | Create | Villager (Male) |
| 18:39 | Build | Watch Tower |
| 19:07 | Create | Skirmisher |
| 19:11 | Create | Skirmisher |
| 19:27 | Build | Farm |
| 19:31 | Build | Market |
| 19:40 | Create | Skirmisher |
| 19:44 | Create | Villager (Male) |
| 19:51 | Build | Settlement |
| 19:54 | Create | Skirmisher |
| 20:02 | Build | Farm |
| 20:04 | Build | Farm |
| 20:06 | Build | Farm |
| 20:31 | Build | Farm |
| 20:36 | Create | Skirmisher |
| 20:51 | Build | Farm |
| 21:22 | Create | Villager (Male) |
| 21:29 | Create | Skirmisher |
| 21:52 | Research | Castle Age |
| 22:02 | Create | Skirmisher |
| 22:09 | Create | Skirmisher |
| 22:14 | Research | Stone Mining |
| 22:14 | Research | Stone Mining |
| 22:16 | Research | Horse Collar |
| 22:20 | Create | Skirmisher |
| 22:52 | Research | Gold Mining |
| 23:44 | Build | House |
| 23:47 | Build | Palisade Wall |
| 23:54 | Create | Villager (Male) |
| 23:59 | Build | Palisade Wall |
| 24:32 | Age | Castle Age |
| 24:52 | Build | Castle |
Match timeline
| 4:53 | jsemosoom · first_building Barracks |
| 7:33 | RoR | kei · first_building Barracks |
| 7:39 | RoR | kei · wall_segment Palisade Wall x1 |
| 8:02 | RoR | kei · wall_segment Palisade Wall x1 |
| 8:04 | RoR | kei · wall_segment Palisade Wall x1 |
| 8:32 | RoR | kei · wall_segment Palisade Wall x1 |
| 8:59 | RoR | kei · age_up feudal |
| 9:08 | RoR | kei · first_building Archery Range |
| 9:12 | RoR | kei · wall_segment Palisade Wall x1 |
| 9:13 | RoR | kei · wall_segment Palisade Wall x1 |
| 9:13 | RoR | kei · wall_segment Palisade Wall x1 |
| 10:49 | jsemosoom · age_up feudal |
| 10:56 | RoR | kei · wall_segment Palisade Wall x2 |
| 11:07 | RoR | kei · wall_segment Palisade Wall x1 |
| 11:09 | RoR | kei · wall_segment Palisade Wall x1 |
| 11:21 | jsemosoom · first_building Archery Range |
| 11:32 | jsemosoom · wall_segment Palisade Wall x11 |
| 12:15 | jsemosoom · wall_segment Palisade Wall x5 |
| 12:17 | jsemosoom · wall_segment Palisade Wall x11 |
| 12:26 | jsemosoom · wall_segment Palisade Wall x21 |
| 12:44 | jsemosoom · wall_segment Palisade Wall x4 |
| 12:48 | jsemosoom · wall_segment Palisade Wall x1 |
| 20:07 | jsemosoom · wall_segment Palisade Wall x1 |
| 20:19 | jsemosoom · wall_segment Palisade Wall x1 |
| 20:40 | RoR | kei · first_market_sell 100 wood |
| 21:54 | jsemosoom · first_market_buy 100 food |
| 21:58 | jsemosoom · first_market_sell 100 stone |
| 22:25 | jsemosoom · wall_segment Stone Wall x8 |
| 23:38 | jsemosoom · wall_segment Stone Wall x7 |
| 23:39 | jsemosoom · wall_segment Stone Wall x2 |
| 23:39 | jsemosoom · wall_segment Stone Wall x2 |
| 23:41 | jsemosoom · wall_segment Stone Wall x1 |
| 23:47 | RoR | kei · wall_segment Palisade Wall x12 |
| 23:56 | jsemosoom · wall_segment Stone Wall x5 |
| 23:57 | jsemosoom · wall_segment Stone Wall x1 |
| 23:59 | RoR | kei · wall_segment Palisade Wall x13 |
| 24:32 | RoR | kei · age_up castle |
| 24:40 | RoR | kei · first_market_buy 100 stone |
| 24:44 | jsemosoom · age_up castle |
| 24:52 | RoR | kei · first_building Castle |
| 25:09 | jsemosoom · first_building Castle |
| 25:25 | RoR | kei · first_building Monastery |
| 26:26 | jsemosoom · first_building Siege Workshop |
| 26:55 | jsemosoom · first_building Monastery |
| 31:20 | jsemosoom · wall_segment Stone Wall x1 |
| 31:21 | jsemosoom · wall_segment Stone Wall x1 |
| 42:44 | RoR | kei · age_up imperial |
| 47:03 | jsemosoom · wall_segment Stone Wall x1 |
| 50:35 | jsemosoom · resign |
[ AI ANALYSIS · 1 CREDIT ]
What really happened in this match?
Wolo.gg analyzes every decision: build order, eco, micro, common mistakes by bracket. Personalized analysis on WhatsApp or Discord in 30 seconds.
Civ guide
Celts
Perfil
Jugador #2388792